Map: Habitation Station LE (Void)

Players

MarineLorD - Winner!

  • Race: Terran Terran
  • League: Master
  • Spawn Location: 11:00

Elazer

  • Race: Zerg Zerg
  • League: Grandmaster
  • Spawn Location: 1:00

Event: NationWars IV

VOD

Have the link to the VOD?

Description

Time

  • Played on: Jan. 6, 2017, 4:20 p.m.
  • Length: 10:35
Show
View Real Time Build Order
Export as new Build Order

MarineLorD Terran - Winner!

Build Orders: Reaper Expand, MMM Bio 

Get SALT Encoding   

  12  0:01  SCV  
  13  0:13  SCV  
  14  0:17  Supply Depot  
  14  0:25  SCV  
  15  0:39  SCV  
  15  0:40  Barracks  
  16  0:48  Refinery  
  16  0:51  SCV  
  17  1:03  SCV  
  18  1:15  SCV  
  19  1:27  Orbital Command  
  19  1:30  Reaper  
  20  1:37  Command Center  
  20  1:52  Supply Depot, SCV  
  21  2:01  Marine  
  21  2:05  SCV  
  23  2:13  Factory  
  23  2:17  SCV  
  24  2:25  Barracks Reactor  
  24  2:29  SCV  
  25  2:41  SCV  
  25  2:43  Bunker  
  26  2:52  Command Center, Orbital Command  
  26  2:55  SCV  
  27  3:02  Marine x2, Factory Tech Lab  
  29  3:10  Cyclone  
  32  3:16  SCV  
  33  3:20  Marine x2  
  33  3:25  SCV  
  36  3:28  SCV  
  37  3:35  Refinery  
  37  3:37  SCV  
  37  3:38  Marine x2  
  37  3:40  SCV  
  41  3:52  SCV  
  42  4:02  SCV  
  43  4:04  Supply Depot, SCV  
  43  4:05  Barracks Tech Lab, Widow Mine x2  
  43  4:09  Orbital Command  
  48  4:14  SCV  
  48  4:16  SCV  
  50  4:21  Engineering Bay x2  
  50  4:25  Supply Depot  
  50  4:26  Marauder, SCV, Stimpack  
  50  4:29  SCV  
  54  4:38  SCV  
  54  4:41  SCV  
  54  4:44  Factory Reactor  
  56  4:51  SCV  
  56  4:52  Refinery x2  
  57  4:53  Barracks, SCV  
  57  4:56  Barracks  
  58  5:02  Marauder  
  58  5:04  SCV  
  58  5:05  SCV  
  62  5:12  Terran Infantry Weapons Level 1, Terran Infantry Armor Level 1  
  62  5:16  Orbital Command  
  62  5:19  SCV x2  
  62  5:20  Barracks x2  
  64  5:25  Marine, Supply Depot  
  65  5:31  Factory Reactor, SCV  
  65  5:33  SCV  
  67  5:42  Starport  
  67  5:43  SCV  
  67  5:45  Marine x2, SCV  
  67  5:49  Marine, Supply Depot  
  72  5:50  Supply Depot  
  72  5:53  SCV  
  72  5:55  SCV  
  74  5:58  Marine x2  
  74  6:00  SCV  
  77  6:05  SCV  
  77  6:07  SCV  
  77  6:09  Barracks Tech Lab x2  
  79  6:12  Armory, SCV  
  79  6:15  Factory Tech Lab  
  79  6:17  SCV  
  79  6:18  Marauder, Marine x2  
  83  6:19  SCV  
  83  6:20  Marine  
  83  6:24  Supply Depot  
  87  6:26  Medivac x2  
  87  6:28  SCV  
  87  6:31  Marauder x2  
  96  6:34  Siege Tank  
  96  6:36  Refinery  
  96  6:37  Combat Shields  
  96  6:38  Concussive Shells  
  101  6:40  Marauder  
  101  6:45  Marine x3, SCV x2  
  101  6:46  SCV  
  107  6:52  Marauder, Supply Depot x2  
  107  6:54  Supply Depot  
  109  6:56  Supply Depot  
  109  7:13  Marauder, SCV, Marine x3, Medivac x2  
  109  7:14  Marauder x2  
  109  7:15  Supply Depot  
  123  7:16  Marine  
  123  7:19  Supply Depot  
  124  7:29  Terran Infantry Weapons Level 2  
  123  7:30  Barracks  
  123  7:31  Barracks, Marine x2  
  123  7:34  Barracks  
  123  7:35  Marauder x2  
  123  7:36  Marauder, Marine  
  132  7:41  Marine  
  132  7:42  Terran Infantry Armor Level 2  
  132  7:47  Medivac  
  132  7:48  Marine  
  135  7:54  Marine x2  
  135  7:55  Refinery  
  135  7:56  Marauder x2  
  135  7:57  Terran Vehicle Weapons Level 1, Supply Depot  
  135  7:58  Marauder  
  143  7:59  Marine  
  143  8:00  Supply Depot  
  144  8:08  Missile Turret  
  142  8:17  Marine  
  142  8:18  Marauder x2, Marine  
  142  8:19  Marauder  
  149  8:20  Siege Tank  
  143  8:31  Marine x2, Medivac x2  
  143  8:32  Barracks Tech Lab, Barracks Reactor  
  144  8:37  Marine x2  
  144  8:39  Marauder x2  
  144  8:40  Marauder  
  151  8:49  Marine  
  151  8:50  Command Center  
  151  8:51  Barracks Reactor  
  151  8:52  Marine, Siege Tank  
  156  8:57  Marauder, Marine  
  156  9:00  Marauder  
  156  9:01  Medivac  
  156  9:02  Marine  
  165  9:03  Marauder x2  
  165  9:07  Marine  
  169  9:11  Marine x3  
  169  9:14  Marine  
  173  9:42  Supply Depot  
  173  9:43  Supply Depot  
  173  9:47  Supply Depot  
  173  9:49  Supply Depot  
  173  9:50  Supply Depot  
  173  9:52  Marine  
  173  9:53  Marine x2  
  173  9:54  Marine  
  173  9:55  Marine  
  173  9:56  Marauder  
  173  9:57  Marine x2  
  173  9:58  Marine  
  173  10:01  Marine, Siege Tank  
  173  10:02  Marauder x2  
  171  10:07  Missile Turret  
  171  10:10  Marine  
  171  10:11  Marauder, Marine  
  171  10:12  Marine  
  171  10:13  Marine  
  166  10:15  Marine x3  
Show
View Real Time Build Order
Export as new Build Order

Elazer Zerg 

Build Orders: Pool First 

Get SALT Encoding   

  12  0:00  Drone  
  13  0:12  Overlord  
  13  0:18  Drone  
  14  0:31  Drone x2  
  14  0:35  Drone  
  17  0:45  Extractor, Drone  
  17  0:50  Spawning Pool  
  17  0:56  Drone  
  17  1:07  Drone  
  18  1:20  Hatchery  
  18  1:22  Drone  
  18  1:38  Zergling x2, Roach Warren  
  18  1:47  Queen  
  18  1:51  Drone  
  21  1:58  Overlord  
  21  2:19  Roach x2  
  25  2:23  Roach  
  25  2:25  Queen  
  29  2:32  Roach  
  29  2:35  Drone  
  32  2:43  Drone x2  
  34  2:44  Ravager  
  34  2:45  Ravager  
  36  2:55  Overlord  
  35  3:13  Drone x2  
  35  3:16  Hatchery  
  35  3:18  Drone  
  37  3:23  Drone  
  37  3:26  Drone  
  39  3:27  Ravager  
  39  3:33  Drone x2  
  42  3:34  Drone  
  43  3:42  Overlord  
  41  3:56  Drone x2  
  41  3:58  Overlord  
  41  4:00  Queen  
  45  4:05  Overlord  
  45  4:12  Overlord  
  45  4:14  Evolution Chamber  
  45  4:16  Extractor  
  43  4:18  Drone  
  43  4:19  Drone x4  
  43  4:22  Drone  
  49  4:24  Drone  
  49  4:29  Overlord  
  50  4:33  Roach  
  50  4:35  Roach  
  54  4:40  Zerg Ground Armor Level 1  
  54  4:43  Roach  
  56  4:49  Roach x2  
  56  4:52  Roach  
  62  4:53  Drone  
  62  4:55  Drone  
  62  4:57  Drone  
  66  5:00  Drone x2  
  66  5:03  Drone  
  66  5:05  Drone  
  66  5:06  Drone  
  70  5:08  Drone  
  70  5:10  Drone  
  72  5:15  Lair  
  72  5:16  Drone  
  72  5:19  Drone  
  74  5:23  Overlord  
  74  5:32  Extractor, Drone  
  74  5:38  Overlord  
  74  5:41  Queen  
  74  5:42  Queen  
  78  5:43  Drone x4  
  78  5:45  Overlord  
  78  5:48  Spore Crawler, Drone  
  82  5:56  Overlord  
  82  5:57  Drone x2  
  82  5:58  Drone x3  
  82  6:03  Drone x3  
  90  6:09  Overlord  
  92  6:11  Roach x3  
  92  6:12  Glial Reconstitution  
  92  6:16  Extractor  
  95  6:21  Drone  
  95  6:22  Drone x2  
  95  6:23  Roach x2  
  95  6:24  Roach  
  104  6:27  Drone  
  104  6:29  Evolution Chamber  
  104  6:31  Overlord  
  104  6:36  Zerg Ground Armor Level 2  
  104  6:38  Roach x3  
  110  6:42  Roach  
  110  6:43  Roach  
  114  6:49  Overlord  
  114  6:50  Overseer  
  114  6:54  Extractor, Drone  
  113  6:55  Extractor, Drone x2  
  113  6:56  Drone x4  
  113  6:57  Zerg Missile Weapons Level 1  
  113  6:59  Roach  
  121  7:01  Overlord  
  121  7:02  Drone  
  121  7:07  Overlord  
  122  7:12  Roach  
  122  7:13  Roach x3  
  130  7:25  Overlord  
  130  7:34  Overlord  
  130  7:35  Tunneling Claws  
  130  7:36  Burrow  
  128  7:37  Roach x5  
  139  7:44  Ravager  
  139  7:45  Overlord  
  139  7:47  Drone  
  139  7:48  Drone, Infestation Pit  
  139  7:50  Spore Crawler  
  139  7:52  Roach x4  
  147  7:59  Overlord  
  147  8:04  Drone  
  147  8:09  Roach x7  
  161  8:13  Hatchery  
  133  8:27  Drone x4  
  133  8:28  Drone x2  
  139  8:36  Drone x2  
  141  8:44  Overlord  
  141  8:45  Infestor x3  
  141  8:47  Hatchery, Queen  
  148  8:48  Roach  
  148  8:49  Roach x2  
  148  8:50  Ravager  
  155  9:05  Overlord  
  154  9:13  Roach x8  
  170  9:24  Roach  
  170  9:25  Roach x3  
  170  9:27  Queen  
  180  9:32  Overlord  
  180  9:37  Overlord x2  
  174  9:38  Roach x2  
  174  9:59  Roach x8  
  124  10:14  Roach x8  
Tags
 
Add a new tag
Caveats
  • Supply blocks, unpowered buildings, or Contaminate may cause inaccurate times.
  • Supply counts are checked every 10 seconds.